 Dungeon Sprint DCSS version 0.24.0-123-gd5b16e6ec5 (webtiles) character file.

Game seed: 16164147979911895475, levelgen mode: deterministic

172 McKennaii the Destroyer (level 5, 0/38 HPs)
             Began as a Draconian Conjurer on Jan 26, 2020.
             Succumbed to a worker ant's poison
             ... in the Dungeon (Sprint II: "The Violet Keep of Menkaure").
             The game lasted 00:00:50 (144 turns).

McKennaii the Destroyer (Draconian Conjurer)         Turns: 144, Time: 00:00:51

Health: 0/38       AC:  5    Str: 11    XL:     5   Next: 27%
Magic:  0/11       EV: 13    Int: 14    God:
Gold:   0          SH:  0    Dex:  9    Spells: 12/13 levels left

rFire    . . .     SeeInvis .   (no weapon)
rCold    . . .     Gourm    .   (no shield)
rNeg     . . .     Faith    .   (armour unavailable)
rPois    .         Spirit   .   (helmet restricted)
rElec    .         Reflect  .   (no cloak)
rCorr    .         Harm     .   (no gloves)
MR       .....     NoTele   +   (no boots)
Stlth    ++........             (no amulet)
HPRegen  0.12/turn              (no ring)
MPRegen  0.12/turn              (no ring)

@: lethally poisoned (0 -> -10)
A: unfitting armour, clumsy 1, dopey 1, cold-blooded, AC +5
a: no special abilities


You were in the Dungeon.
You were not hungry.

You visited 1 branch

Inventory:

Scrolls
 h - a scroll of blinking
Potions
 e - a potion of haste
 f - 2 potions of magic
Comestibles
 b - a ration


   Skills:
 + Level 0.1 Fighting
 + Level 3.4 Dodging
 + Level 3.2 Stealth
 * Level 4.6 Spellcasting
 + Level 9.6 Conjurations


You had 12 spell levels left.
You knew the following spells:

 Your Spells              Type           Power        Failure   Level  Hunger
a - Magic Dart            Conj           ####         1%          1    None

Your spell library contained the following spells:

 Spells                   Type           Power        Failure   Level  Hunger
 Searing Ray              Conj           ####..       1%          2    ##.....
 Iskenderun's Mystic Bla  Conj           ####....     3%          4    ####...
 Dazzling Spray           Conj/Hex       ###...       8%          3    ###....
 Force Lance              Conj/Tloc      ###.....     26%         4    ####...
 Fulminant Prism          Conj/Hex       ###.......   26%         4    ####...


Dungeon Overview and Level Annotations

Branches:
Dungeon (1/1)

Altars:


Innate Abilities, Weirdness & Mutations

Your plain brown scales are hard. (AC +5)
You cannot fit into any form of body armour.
You are cold-blooded and may be slowed by cold attacks.
You are clumsy. (Dex -2)
You are dopey. (Int -2)


Message History

Casting: Magic Dart (safe; 1% risk of failure)
Confirm with . or Enter, or press ? or * to list all spells.
Aiming: Magic Dart (safe; 1% risk of failure)
Press: ? - help, Shift-Dir - straight line, f/p - worker ant
Aim: a worker ant (moderately wounded)
The magic dart hits the worker ant but does no damage.
The worker ant is moderately wounded.
* * * LOW HITPOINT WARNING * * *
You feel sick. The worker ant barely misses you.
Casting: Magic Dart (safe; 1% risk of failure)
Confirm with . or Enter, or press ? or * to list all spells.
You don't have enough magic to cast that spell.
Unknown command.
You closely miss the worker ant. You tail-slap the worker ant.
The worker ant is moderately wounded.
* * * LOW HITPOINT WARNING * * *
You feel sick. The worker ant misses you. The worker ant barely misses you.
You hit the worker ant.
The worker ant is heavily wounded.
You die...

## ## H# #H
# .#. # ##.
#+# .#
#.m.##.##..#
#.+.<@a#
#...##.##a.#
##. #+# .# #
ยง## # .# ##


You could see 2 worker ants.

Vanquished Creatures
  A neqoxec (D)
  2 worker ants (D)
3 creatures vanquished.

Vanquished Creatures (others)
  A crocodile (D)
1 creature vanquished.

Grand Total: 4 creatures vanquished

Notes
Turn   | Place    | Note
-------+----------+-------------------------------------------
     0 | D        | McKennaii the Draconian Conjurer began the quest for the
                  | Orb.
     0 | D        | Reached XP level 1. HP: 14/14 MP: 3/3
     1 | D        | Noticed a merfolk siren
     5 | D        | Noticed a hippogriff
     5 | D        | Noticed a hippogriff
     9 | D        | Noticed a neqoxec
    18 | D        | Gained mutation: You are clumsy. (Dex -2) [a neqoxec]
    20 | D        | Noticed a quasit
    29 | D        | Gained mutation: You are dopey. (Int -2) [a neqoxec]
    35 | D        | Noticed a quasit
    35 | D        | Noticed an iron imp
    35 | D        | Killed a neqoxec
    35 | D        | Reached skill level 8 in Conjurations
    35 | D        | Reached XP level 2. HP: 20/20 MP: 2/7
    35 | D        | Reached XP level 3. HP: 26/26 MP: 2/8
    35 | D        | Reached XP level 4. HP: 33/33 MP: 2/10
   106 | D        | Reached skill level 9 in Conjurations
   106 | D        | Reached XP level 5. HP: 22/38 MP: 1/11
   131 | D        | Killed a crocodile
   143 | D        | HP: 1/38 [poisoned by a worker ant]
   144 | D        | Succumbed to a worker ant's poison

Levels and vault maps discovered:
D:        the_violet_keep_of_menkaure [sprint2_stairs_cluster_1,
          sprint2_shoproom, sprint2_temple, sprint2_basic_supplies,
          sprint2_obstacle_1, sprint2_obstacle_5, sprint2_obstacle_2,
          sprint2_obstacle_6, sprint2_obstacle_7, sprint2_timed_cluster_1,
          sprint2_smallroom_cluster_1, sprint2_smallroom_final_cluster_1,
          sprint2_transparent_cluster_1, sprint2_second_timed_cluster_1,
          sprint2_sniper_area_1, sprint2_heavy_combat_area_1,
          sprint2_mutation_trap_area_1, sprint2_forest_area_1,
          sprint2_light_combat_area_1, sprint2_behind_water_1,
          sprint2_near_end_vault_1]

Skill      XL: |  1  2  3  4 |
---------------+-------------+-----
Dodging        | 3 |  3.4
Stealth        | 3 |  3.2
Spellcasting   | 4 |  4.6
Conjurations   | 8 9 |  9.6
Fighting       | |  0.1

Action                   |  1- 3 |  4- 6 || total
-------------------------+-------+-------++-------
Melee: Unarmed           |    14 |    31 ||    45
       Tailslap          |     2 |     3 ||     5
 Cast: Magic Dart        |     2 |    15 ||    17
  Use: Potion            |     1 |     2 ||     3
Armor: Skin              |     3 |     3 ||     6
Dodge: Dodged            |    11 |    32 ||    43
